 Dungeon Crawl Stone Soup version 0.28.0 (webtiles) character file.

Game seed: 15842654405741763334

1297 multipassport the Covered (level 8, -4/65 HPs)
             Began as a Palentonga Wanderer on Feb 8, 2022.
             Was a Believer of Okawaru.
             Slain by an orc warrior (20 damage)
             ... on level 6 of the Dungeon.
             The game lasted 00:25:30 (7174 turns).

multipassport the Covered (Palentonga Wanderer)     Turns: 7174, Time: 00:25:32

Health: -4/65      AC: 22    Str: 21    XL:     8   Next: 31%
Magic:  10/10      EV:  5    Int: 10    God:    Okawaru [**....]
Gold:   225        SH:  0    Dex: 15    Spells: 7/7 levels left

rFire   . . .      SeeInvis +   q - +0 rapier (pain)
rCold   . . .      Faith    .   (no shield)
rNeg    . . .      Spirit   .   d - +0 plate armour
rPois   .          Reflect  .   (no helmet)
rElec   .          Harm     .   k - +0 cloak
rCorr   .          Rampage  .   (no gloves)
Will    .....                   (no barding)
Stlth   ..........              (no amulet)
HPRegen 0.20/turn               j - +4 ring of protection
MPRegen 0.12/turn               t - +6 ring of dexterity

@: curled up
A: large, rugged brown scales 3, see invisible, deformed body, roll 1, armoured
tail, reflexive curl
a: Rolling Charge, Renounce Religion, Heroism


You were on level 6 of the Dungeon.
You worshipped Okawaru.
Okawaru was pleased with you.
You visited 1 branch of the dungeon, and saw 7 of its levels.

You collected 327 gold pieces.
You spent 102 gold pieces at shops.

Inventory:

Hand Weapons
 q - a +0 rapier of pain (weapon)
Armour
 b - a +0 chain mail
 d - a +0 plate armour (worn)
 k - a +0 cloak (worn)
Jewellery
 f - a ring of flight
 j - a +4 ring of protection (left hand)
 t - a +6 ring of dexterity (right hand)
Wands
 a - a wand of digging (8)
 p - a wand of iceblast (6)
 u - a wand of paralysis (3)
 w - a wand of mindburst (21)
 x - a wand of acid (7)
Scrolls
 c - a scroll of silence
 g - 7 scrolls of teleportation
 h - a scroll of magic mapping {unknown}
 o - 2 scrolls of blinking {unknown}
 r - a scroll of identify
 v - 2 scrolls of enchant weapon {unknown}
 y - 2 scrolls of immolation {unknown}
 A - a scroll of vulnerability {unknown}
Potions
 e - 2 potions of attraction
 i - a potion of heal wounds {unknown}
 l - 3 potions of curing {unknown}
 m - a potion of resistance {unknown}
 n - a potion of haste {unknown}
 s - a potion of flight {unknown}
 z - 3 potions of might


   Skills:
 + Level 4.7 Fighting
 + Level 4.6 Long Blades
 + Level 5.7 Armour
 + Level 4.1 Dodging
 + Level 3.6 Invocations
 - Level 1.0 Evocations


You had 7 spell levels left.
You didn't know any spells.
Your spell library contained the following spells:

 Spells                   Type           Power      Damage    Failure   Level
 Foxfire                  Conj/Fire      0%         2x1d4     100%        1
 Searing Ray              Conj           0%         2d4       100%        2
 Conjure Flame            Conj/Fire      0%         6-21      100%        3
 Ignite Poison            Fire/Tmut/Pois 0%         N/A       100%        3
 Inner Flame              Hex/Fire       0%         N/A       100%        3
 Mephitic Cloud           Conj/Pois/Air  0%         N/A       100%        3
 Flame Wave               Conj/Fire      0%         2d4       100%        4
 Fulminant Prism          Conj/Hex       0%         3d6       100%        4
 Sticky Flame             Conj/Fire      0%         2d3       100%        4
 Statue Form              Tmut/Erth      0%         N/A       100%        6
 Orb of Destruction       Conj           0%         9d5       100%        7
 Summon Small Mammal      Summ           Unusable   N/A       N/A         1
 Call Canine Familiar     Summ           Unusable   N/A       N/A         3
 Summon Guardian Golem    Hex/Summ       Unusable   N/A       N/A         3
 Spellforged Servitor     Conj/Summ      Unusable   N/A       N/A         7

Dungeon Overview and Level Annotations

Branches:
Dungeon (7/15)
 Temple: D:4-7

Altars:
Ashenzari
Dithmenos
Gozag
Hepliaklqana
Makhleb
Okawaru
Qazlal
Trog
Vehumet
Zin

Shops:
D:1 =   D:4 ?   D:5 ?


Innate Abilities, Weirdness & Mutations

You are completely covered in rugged brown scales. (AC +3, +7% HP)
You have supernaturally acute eyesight. (SInv)
Armour fits poorly on your strangely shaped body.
You can roll at nearby foes to attack.
You have a long armoured tail.
You curl defensively after being hit. (AC +7*)


Message History

The orc wizard flickers and vanishes for a moment.
Found 10 gold pieces.
The white imp lashes its tail.
The white imp gestures at you.
The puff of frost hits you but does no damage.
The white imp gestures at you.
The puff of frost hits you but does no damage.
The white imp gestures at you.
The puff of frost hits you but does no damage.
You gain the combat prowess of a mighty hero.
The orc warrior hits you but does no damage.
You closely miss the orc warrior. You barely miss the orc warrior.
Your tail-slap misses the orc warrior.
The orc warrior hits you but does no damage.
You hit the orc warrior but do no damage.
You tail-slap the orc warrior.
The orc warrior is lightly wounded.
The orc warrior hits you with a +0 battleaxe.
You hit the orc warrior but do no damage.
You punch the orc warrior, but do no damage.
The orc warrior is lightly wounded.
The orc warrior hits you with a +0 battleaxe!
You barely miss the orc warrior.
The orc warrior is lightly wounded.
The orc warrior hits you with a +0 battleaxe!
* * * LOW HITPOINT WARNING * * *
You feel like a meek peon again.
The white imp shouts, "Fly, thou impertinent doghearted varlet!"
There is a stone staircase leading up here.
The orc warrior hits you with a +0 battleaxe!
* * * LOW HITPOINT WARNING * * *
You climb upwards.
There is a stone staircase leading down here.
There is a stone staircase leading up here.
Aiming: Paralyse
Press: ? - help, Shift-Dir - straight line, f - orc warrior
Aim: an orc warrior, wielding a +0 battleaxe and wearing a +0 plate armour (chance to affect: 50%)
The orc warrior resists with significant effort.
The orc warrior hits you with a +0 battleaxe!!
You die...

#...# #.......#..####
#.#.#############.##..###..#...
###.#.#.#.#.##.....##..###..#...
##...........##....###.......#...
...#.......#.##...## #...###.###.
.......>.....#....####..####.....
...#.......##............##.....<
............#.#o..#.......#[#.###
...#.......##.#.@.#.........####§
..................#.......#..##≈§
...#.#.#.#.#..#.............###≈§
..........................####⌠≈.
.........#.###.............####≈.
....#........................#⌠≈.
.......##.###..........##..#.##≈.
..........# #.....)....###.#.##≈≈
........### ##....)[...###.#####§


You could see an orc warrior.

Vanquished Creatures
  2 sky beasts (D:6)
  2 ogres (D:6)
  2 necrophages
  A centaur (D:7)
  A phantom (D:7)
  A kobold brigand (D:4)
  2 bullfrogs
  A wyvern skeleton (D:5)
  An electric eel (D:7)
  An orc priest (D:6)
  A jelly (D:6)
  An iguana (D:5)
  The ghost of mopl the Sneak, a weakling OpDe (D:4)
  A hound zombie (D:5)
  A hound skeleton (D:4)
  4 gnolls
  5 adders
  2 shadow imps
  A white imp (D:6)
  A worm (D:2)
  3 dart slugs
  13 orcs
  5 endoplasms
  4 giant cockroaches
  8 goblins
  4 hobgoblins
  3 jackals (D:2)
  3 quokkas
  5 ball pythons
  8 bats
  2 frilled lizards (D:1)
  13 kobolds
  4 rats
107 creatures vanquished.

Vanquished Creatures (others)
  9 plants (D:3)
9 creatures vanquished.

Grand Total: 116 creatures vanquished

Notes
Turn   | Place    | Note
-------+----------+-------------------------------------------
     0 | D:1      | multipassport the Palentonga Wanderer began the quest for
                  | the Orb.
     0 | D:1      | multipassport set off with the following items: a +0
                  | falchion, a +0 chain mail, a scroll of silence
     0 | D:1      | Reached XP level 1. HP: 16/16 MP: 1/1
   119 | D:1      | Reached XP level 2. HP: 22/22 MP: 2/2
   254 | D:1      | Found Murugryss's Jewellery Shop.
   482 | D:1      | Reached XP level 3. HP: 24/25 MP: 3/3
   948 | D:2      | Found a faded altar of an unknown god.
  1888 | D:3      | Reached XP level 4. HP: 31/35 MP: 4/4
  1979 | D:3      | Found an iron altar of Okawaru.
  2006 | D:3      | Became a worshipper of Warmaster Okawaru
  2068 | D:3      | Found a glowing silver altar of Zin.
  2103 | D:3      | Found a radiant altar of Vehumet.
  2612 | D:4      | Found Guum's Magic Scroll Shop.
  2617 | D:4      | Bought a scroll of teleportation for 30 gold pieces
  2617 | D:4      | Bought a scroll of teleportation for 30 gold pieces
  2660 | D:4      | Found a shadowy altar of Dithmenos.
  2702 | D:4      | Found a stormy altar of Qazlal.
  2989 | D:4      | Found a hazy altar of Hepliaklqana.
  3133 | D:4      | Reached XP level 5. HP: 28/41 MP: 5/5
  3632 | D:4      | Found a runed translucent gate.
  3634 | D:4      | Found a runed translucent gate.
  3634 | D:4      | Found a runed translucent gate.
  3634 | D:4      | Noticed mopl's ghost (weakling OpDe)
  4079 | D:4      | Killed mopl's ghost
  4494 | D:5      | Entered Level 5 of the Dungeon
  4502 | D:5      | Reached XP level 6. HP: 34/50 MP: 6/6
  4703 | D:5      | Found a broken altar of Ashenzari.
  4708 | D:5      | Reached skill level 5 in Armour
  4715 | D:5      | Found a bloodstained altar of Trog.
  4757 | D:5      | Reached skill level 1 in Invocations
  4924 | D:5      | Got the Almanac of Earth and Arcane Weapons
  5158 | D:5      | Found Inetali's Magic Scroll Shoppe.
  5166 | D:5      | Bought a scroll of teleportation for 42 gold pieces
  5339 | D:5      | Reached * piety under Okawaru
  5660 | D:6      | Found a burning altar of Makhleb.
  5740 | D:6      | Gained mutation: You curl defensively after being hit. (AC
                  | +7*) [Palentonga growth]
  5740 | D:6      | Reached XP level 7. HP: 56/56 MP: 8/8
  5812 | D:5      | Reached ** piety under Okawaru
  6294 | D:6      | Reached XP level 8. HP: 52/65 MP: 10/10
  6365 | D:6      | Found Loocru's Armour Shop.
  6890 | D:7      | Found an opulent altar of Gozag.
  7174 | D:6      | Slain by an orc warrior

Illustrated notes

Levels and vault maps discovered:
D:1:      lightli_molten_gateway, layout_rooms, serial_shops,
          nicolae_shop_stone, chequers_serial_rivers_micro_e
D:2:      layout_loops_corners, ebering_ecumenical_altar_abandoned
D:3:      layout_loops_ring, amcnicky_altar_gilded,
          mainiacjoe_overflow_tiny_flanked, mainiacjoe_overflow_chevrons,
          chequers_serial_rivers_micro_d
D:4:      layout_layer_cave, grunt_dithmenos_smoke, marbit_many_paths,
          lemuel_doored_altar, serial_shops, nicolae_square_shop,
          gammafunk_ghost_nasty_kobolds
D:5:      layout_cave_pods, grunt_temple_overflow_open, serial_shops, shop
D:6:      layout_rooms, lightli_temple_of_fire, serial_shops,
          nicolae_shop_stone, st_stairs_4
D:7:      layout_layer_cave, nicolae_gozag_seed_capital,
          nicolae_wu_jian_wuxing_cycle, minmay_temple_entry_glass,
          minmay_misc_feat_enclosed, fountainhead, uniq_maggie

Skill      XL: |  1  2  3  4  5  6  7  8 |
---------------+-------------------------+-----
Dodging        | 2 3 4 |  4.1
Fighting       | 2 3 4 |  4.7
Long Blades    | 2 3 4 |  4.6
Armour         | 5 |  5.7
Invocations    | 1 3 |  3.6
Evocations     | |  1.0

Action                   |  1- 3 |  4- 6 |  7- 9 || total
-------------------------+-------+-------+-------++-------
Melee: Falchion          |   133 |    72 |       ||   205
       Tailslap          |    13 |    17 |    11 ||    41
       Rapier            |       |    56 |    88 ||   144
       Punch             |       |     3 |     2 ||     5
Invok: Heroism           |       |       |     3 ||     3
 Abil: Rolling Charge    |    31 |    23 |    10 ||    64
Evoke: Wand              |       |     5 |     2 ||     7
  Use: Scroll            |     4 |     2 |       ||     6
       Potion            |       |     1 |       ||     1
 Stab: Paralysed         |       |     6 |     2 ||     8
Armor: Chain mail        |    91 |       |       ||    91
       Skin              |     5 |       |       ||     5
       Plate armour      |       |    75 |    89 ||   164
Dodge: Dodged            |    30 |    28 |    28 ||    86
